 Dungeon Crawl Stone Soup version 0.18.1-6-gd335043 (webtiles) character file.

700 oplop the Shield-Bearer (level 7, -1/66 HPs)
             Began as a Deep Dwarf Fighter on May 19, 2016.
             Slain by a gnoll
             ... wielding a +0 halberd
              (2 damage)
             ... on level 3 of the Dungeon.
             The game lasted 00:05:22 (2497 turns).

oplop the Shield-Bearer (Deep Dwarf Fighter)        Turns: 2497, Time: 00:05:22

Health: -1/66      AC:  6    Str: 20    XL:     7   Next: 38%
Magic:  6/6        EV: 10    Int: 13    God:
Gold:   180        SH: 10    Dex: 14    Spells: 0 memorised, 6 levels left

rFire  . . .     SeeInvis +     a - +0 war axe
rCold  . . .     Gourm    .     b - +0 scale mail
rNeg   . . .     Faith    .     c - +0 shield
rPois  .         Spirit   .     (no helmet)
rElec  .         Dismiss  .     (no cloak)
rCorr  .         Reflect  .     (no gloves)
SustAt .         Harm     .     (no boots)
MR     +....                    (no amulet)
Stlth  ..........               (no ring)
                                h - ring of see invisible

@: brilliant, non-regenerating, invisible, somewhat resistant to hostile
enchantments, extremely unstealthy
A: damage resistance, recharge devices, talons 1, sense surroundings 1, slow
regeneration 3
a: Device Recharging


You were on level 3 of the Dungeon.
You were not hungry.

You visited 1 branch of the dungeon, and saw 5 of its levels.

You collected 180 gold pieces.

Inventory:

Hand Weapons
 a - a +0 war axe (weapon)
 s - a +0 blowgun
Missiles
 w - 18 poisoned needles
Armour
 b - a +0 scale mail (worn)
 c - a +0 shield (worn)
Jewellery
 h - a ring of see invisible (left hand)
 p - a +3 amulet of reflection {unknown}
Wands
 e - a wand of heal wounds (1/9)
Scrolls
 j - a scroll of fear
 r - 3 scrolls of identify
 u - 2 scrolls of remove curse
Potions
 d - a potion of might
 i - 2 potions of magic {unknown}
 k - 2 potions of haste {unknown}
 n - a potion of cure mutation
Comestibles
 f - 2 bread rations
 g - 4 beef jerkies
 l - 3 meat rations
 m - a slice of pizza
 q - 2 royal jellies
 t - 3 fruits
 C - 2 chunks of flesh


   Skills:
 + Level 4.7 Fighting
 * Level 5.0 Axes
 - Level 3.2 Armour
 + Level 3.9 Dodging
 + Level 5.4 Shields


You had 6 spell levels left.
You didn't know any spells.

Dungeon Overview and Level Annotations

Branches:
Dungeon (5/15)
 Temple: D:4-7

Altars:
Makhleb
Nemelex Xobeh
Qazlal
Sif Muna
Trog
Vehumet
Xom
The Shining One


Innate Abilities, Weirdness & Mutations

You are resistant to damage.
You can recharge devices by infusing magical energy.
You passively map a small area around you.
You do not regenerate naturally.
You have sharp toenails.


Message History

You hear a distant blaring wail to the southeast.
You block the gnoll's attack. The gnoll shaman hits you with a club.
The gnoll splashes around in the water.
Evoke which item? (* to show all) (? for menu, Esc to quit)
Zapping:
e - a wand of heal wounds (2/9)
Press: ? - help, Shift-Dir - straight line, f - you You feel much better.
This wand has 1 charge left.
The gnoll barely misses you.
The gnoll hits you from afar with a halberd!
* * * LOW HITPOINT WARNING * * *
The gnoll splashes around in the water.
The gnoll shaman barely misses you.
Drink which item? (? for menu, Esc to quit)
It was a potion of invisibility.
You fade into invisibility!
The gnoll hits you from afar with a halberd!
* * * LOW HITPOINT WARNING * * *
You block the gnoll's attack. The gnoll shaman hits you with a club.
* * * LOW HITPOINT WARNING * * *
The gnoll closely misses you.
The gnoll hits you from afar with a halberd.
You die...

.####################.......#
.##......# #.......# .##......#
######### *
.##......################* * *
....).................... , *
.##†...†.#######..###############
...÷.............§...............
≈≈≈≈≈≈≈≈≈≈≈≈≈≈≈§§§§.≈≈≈≈≈≈≈≈≈≈≈≈≈
≈≈≈≈≈≈≈≈≈≈≈≈≈≈§§@§..≈≈≈≈≈≈≈≈≈≈≈≈≈
####≈≈≈≈≈≈≈≈≈≈≈gg§§.≈≈≈≈≈≈≈≈≈≈≈≈#
ggg#...........g.g..............#
.gg#############''''#############
##'# .......#....# , # .#.g
.^.....#....#, , , (# * ,
.g.....))...+ , .# *'############
* +* .#, , , ,, ,


You could see a gnoll shaman and 3 gnolls.

Vanquished Creatures
  An ice beast (D:5)
  2 howler monkeys
  A crimson imp (D:3)
  A centaur skeleton (D:4)
  A gnoll shaman (D:3)
  4 hounds
  A giant frog skeleton (D:4)
  Terence (D:2)
  An iguana (D:4)
  2 worker ants (D:4)
  Robin (D:2)
  4 gnolls (D:3)
  4 adders
  An adder skeleton (D:4)
  2 worms
  2 dart slugs (D:1)
  3 giant geckos
  7 orcs
  A ball python (D:3)
  13 goblins
  18 hobgoblins
  14 jackals (D:3)
  7 kobolds
  A quokka (D:3)
  2 bats
  A giant newt (D:1)
  8 rats
104 creatures vanquished.

Vanquished Creatures (others)
  4 toadstools (D:1)
4 creatures vanquished.

Grand Total: 108 creatures vanquished

Notes
Turn   | Place    | Note
--------------------------------------------------------------
     0 | D:1      | oplop the Deep Dwarf Fighter began the quest for the Orb.
     0 | D:1      | Reached XP level 1. HP: 20/20 MP: 1/1
    61 | D:1      | Found a sparkling altar of Nemelex Xobeh.
   111 | D:1      | Reached XP level 2. HP: 25/28 MP: 2/2
   453 | D:2      | Found a radiant altar of Vehumet.
   487 | D:2      | Found a faded altar to an unknown god.
   577 | D:2      | Reached XP level 3. HP: 34/34 MP: 3/3
   644 | D:2      | Reached skill level 1 in Dodging
   699 | D:2      | Noticed Terence
   700 | D:2      | Noticed Robin
   705 | D:2      | Killed Terence
   705 | D:2      | Reached XP level 4. HP: 42/42 MP: 4/4
   711 | D:2      | Killed Robin
  1053 | D:3      | Reached XP level 5. HP: 37/49 MP: 5/5
  1219 | D:3      | You fall through a shaft for 2 floors!
  1219 | D:5      | Entered Level 5 of the Dungeon
  1219 | D:5      | Noticed a sky beast
  1303 | D:5      | Noticed an ice beast
  1317 | D:5      | Killed an ice beast
  1317 | D:5      | Reached XP level 6. HP: 56/57 MP: 6/6
  1729 | D:4      | Reached skill level 5 in Shields
  1812 | D:4      | Reached XP level 7. HP: 54/66 MP: 7/7
  1866 | D:4      | Found a deep blue altar of Sif Muna.
  1911 | D:4      | Found a glowing golden altar of the Shining One.
  1982 | D:4      | Found a shimmering altar of Xom.
  1983 | D:4      | Found a burning altar of Makhleb.
  2021 | D:3      | Found a stormy altar of Qazlal.
  2164 | D:3      | Found a bloodstained altar of Trog.
  2478 | D:3      | Reached skill level 5 in Axes
  2495 | D:3      | Gained mutation: You have sharp toenails. [potion of beneficial mutation]
  2497 | D:3      | HP: 1/66 [gnoll shaman/club (4)]
  2497 | D:3      | Slain by a gnoll

Skill      XL: |  1  2  3  4  5  6  7 |
---------------+----------------------+-----
Fighting       | 3 4 |  4.7
Dodging        | 1 2 3 |  3.9
Axes           | 3 4 5 |  5.0
Shields        | 4 5 |  5.4
Armour         | |  3.2

Action                   |  1- 3 |  4- 6 |  7- 9 || total
-------------------------+-------+-------+-------++-------
Melee: War axe           |    74 |   190 |   119 ||   383
 Abil: Device Recharging |       |       |     1 ||     1
Evoke: Wand              |     1 |     1 |     5 ||     7
  Use: Potion            |       |     1 |     4 ||     5
       Scroll            |       |     1 |     4 ||     5
  Eat: Chunk             |       |     3 |     3 ||     6
Armor: Scale mail        |    26 |    87 |    54 ||   167
Dodge: Dodged            |    25 |    87 |    78 ||   190
Block: Shield            |    33 |   133 |    75 ||   241
